AoeStats
← Funky-Kong

Arabia

508032143Analyzed
1v1 RM · 13d ago on Sep 20, 2026· 40m 4s· 2 players
Game mode
Random Map
Map size
Tiny (2 player)
Population
200
Speed
Normal
Resources
Standard
Victory
Conquest
Starting age
Dark Age
Ending age
Imperial Age
RankedLock teamsTeams togetherTeam positionsShared explorationLock speedFull tech treeHidden civsTurbo modeCheats
Victory
Defeat
🇩🇪 Berbers · Germany
1648
+13
🇷🇺 Vietnamese · Russia
1587
-13
Leon
6:14 Loom
9:32 Feudal Age
13:12 Fletching
16:02 Double-Bit Axe
20:31 Castle Age
19:09 Gold Mining
19:28 Horse Collar
19:50 Padded Archer Armor
20:32 Scale Mail Armor
20:44 Stone Mining
20:35 Crossbowman
21:56 Bodkin Arrow
25:54 Squires
27:15 Wheelbarrow
27:03 Bow Saw
27:59 Leather Archer Armor
30:40 Forging
31:41 Pikeman
34:36 Ballistics
37:31 Imperial Age
38:35 Stone Shaft Mining
38:21 Bracer
39:48 Chemistry
Funky-Kong
5:40 Loom
8:37 Feudal Age
9:55 Double-Bit Axe
9:56 Horse Collar
15:34 Fletching
17:02 Padded Archer Armor
22:19 Castle Age
20:24 Gold Mining
21:04 Scale Barding Armor
21:34 Bloodlines
22:02 Forging
22:21 Elite Skirmisher
23:20 Bodkin Arrow
23:55 Husbandry
28:05 Wheelbarrow
27:53 Stone Mining
30:54 Ballistics
31:22 Gold Shaft Mining
35:10 Imperial Age
33:22 Bow Saw
33:13 Heavy Plow
34:19 Gold Shaft Mining
34:28 Hand Cart
35:08 Leather Archer Armor
35:41 Stone Shaft Mining
34:54 Town Watch
36:59 Chemistry
36:12 Bracer
36:01 Cavalier
37:41 Conscription
38:52 Ring Archer Armor
39:21 Chain Barding Armor
39:40 Light Cavalry
40:57 Iron Casting
Connection lost

Rejoining the realm…

Still unreachable

The connection could not be restored.

Session expired

The server has moved on; the page needs a fresh start.